 Dungeon Crawl Stone Soup version 0.23.0-28-g6fe0f4d (webtiles) character file.

Game seed: 17212994479421650327

22 nuthulu the Vexing (level 2, -5/23 HPs)
             Began as a Ghoul Arcane Marksman on Feb 25, 2019.
             Slain by a worm (7 damage)
             ... on level 3 of the Dungeon.
             The game lasted 00:03:39 (1990 turns).

nuthulu the Vexing (Ghoul Arcane Marksman)          Turns: 1990, Time: 00:03:39

Health: -5/23      AC:  5    Str: 13    XL:     2   Next: 91%
Magic:  2/2        EV: 12    Int:  8    God:
Gold:   93         SH:  0    Dex:  9    Spells: 2/3 levels left

rFire    + . .     SeeInvis .     - Unarmed
rCold    + . .     Gourm    .   (no shield)
rNeg     + + +     Faith    .   e - +0 robe
rPois    ∞         Spirit   .   (no helmet)
rElec    .         Reflect  .   (no cloak)
rCorr    .         Harm     .   a - +2 pair of gloves
MR       .....                  (no boots)
Stlth    +.........             (no amulet)
HPRegen  0.00/turn              k - ring of protection from fire
MPRegen  0.08/turn              m - ring of attention (curse)

@: rotting
A: rotting body, claws 1, carnivore, cold resistance 1, negative energy
resistance 3, inhibited regeneration, torment resistance, unbreathing
a: no special abilities


You were on level 3 of the Dungeon.
You were not hungry.

You visited 1 branch of the dungeon, and saw 3 of its levels.

You collected 93 gold pieces.

Inventory:

Missiles
 d - 46 arrows
 o - a throwing net (quivered)
Armour
 a - a +2 pair of gloves (worn)
 e - a +0 robe (worn)
Jewellery
 k - a ring of protection from fire (left hand)
 m - a cursed ring of attention (right hand)
Wands
 l - a wand of paralysis (12)
Scrolls
 h - 2 scrolls of teleportation
 n - a scroll of remove curse
Potions
 b - a potion of berserk rage
 i - a potion of brilliance
 j - a potion of flight
Comestibles
 f - 6 rations


   Skills:
 + Level 1.3 Fighting
   Level 1.7 Bows
 - Level 1.7 Dodging
 * Level 1.8 Stealth
 * Level 1.6 Unarmed Combat
 - Level 1.0 Spellcasting
 - Level 2.4 Hexes


You had 2 spell levels left.
You knew the following spells:

 Your Spells              Type           Power        Failure   Level  Hunger
a - Corona                Hex            #......      16%         1    ##.....

Your spell library contained the following spells:

 Spells                   Type           Power        Failure   Level  Hunger
 Slow                     Hex            #.......     22%         2    ###....
 Inner Flame              Hex/Fire       #.......     58%         3    ####...
 Portal Projectile        Hex/Tloc       #.....       58%         3    ####...
 Cause Fear               Hex            #.........   83%         4    #####..
 Leda's Liquefaction      Hex/Erth       #.........   94%         4    #####..


Dungeon Overview and Level Annotations

Branches:
Dungeon (3/15)

Altars:
Fedhas
Qazlal


Innate Abilities, Weirdness & Mutations

Your body is rotting away.
You thrive on raw meat.
You are immune to poison.
You have sharp fingernails.
You are carnivorous and can eat meat at any time.
Your flesh is cold resistant. (rC+)
You are immune to negative energy. (rN+++)
You do not regenerate when monsters are visible.
You are immune to unholy pain and torment.
You can survive without breathing.


Message History

You feel better. The bat hits you but does no damage. The worm bites you.
* * * LOW HITPOINT WARNING * * *
You hit the worm.
The worm is severely wounded.
The bat barely misses you.
You hit the worm.
The worm is severely wounded.
The bat barely misses you. The worm barely misses you.
You hit the worm but do no damage.
The worm is severely wounded.
The bat misses you. The bat completely misses you.
You hit the worm.
The worm is almost dead.
The bat closely misses you. The worm misses you.
You hit the worm but do no damage.
The worm is almost dead.
The bat hits you.
* * * LOW HITPOINT WARNING * * *
The worm bites you!
You die...

##..# ##.# .##..# . #.#
.....# ..)##.####
...#.#
.........#########
...>.##
#.####...#........
.......
###...########.......
#.......b..#.##....
#..#####.@.........
..##.....#..#w........
#......................
..###..................
###............###.
#.....##.......#
#...####...$...## #...#
#...##.... .... ..)###
#####


You could see a worm and a bat.

Vanquished Creatures
  A dart slug (D:2)
  A giant cockroach (D:2)
  4 goblins
  3 hobgoblins
  5 bats
  A kobold (D:1)
  5 rats
20 creatures vanquished.

Notes
Turn   | Place    | Note
-------+----------+-------------------------------------------
     0 | D:1      | nuthulu the Ghoul Arcane Marksman began the quest for the
                  | Orb.
     0 | D:1      | Reached XP level 1. HP: 16/16 MP: 1/1
   216 | D:1      | Reached skill level 1 in Stealth
   295 | D:1      | Reached XP level 2. HP: 7/23 MP: 2/2
   876 | D:1      | Reached skill level 1 in Unarmed Combat
  1210 | D:2      | Found a blossoming altar of Fedhas.
  1211 | D:2      | Found a stormy altar of Qazlal.
  1990 | D:3      | Slain by a worm

Skill      XL: |  1  2 |
---------------+-------+-----
Stealth        | 1 |  1.8
Unarmed Combat | 1 |  1.6
Fighting       | |  1.3
Bows           | |  1.7
Dodging        | |  1.7
Spellcasting   | |  1.0
Hexes          | |  2.4

Action                   || total
-------------------------++-------
Melee: Unarmed           ||   103
  Use: Scroll            ||    12
       Potion            ||     1
  Eat: Chunk             ||    12
Armor: Robe              ||    40
Dodge: Dodged            ||    95
